 Dungeon Sprint DCSS version 0.02-122-g12e50fee3c (webtiles) character file.

Game seed: 14893712744379434354, levelgen mode: deterministic

21611 lorenzova the Sorcerer (level 12, -3/52 (53) HPs) Deep Elf Fire Elementalist. Began on Oct 6, 2020. Was the Champion of Vehumet. Succumbed to poison (dark miasma) ... in the Dungeon (Sprint III: "The Ten Rune Challenge"). The game lasted 00:14:54 (2733 turns).

lorenzova the Sorcerer (Deep Elf Fire Elementalist) Turns: 2733, Time: 00:14:54

HP:   -3/52 (53)    AC: 12    Str:  7    XL:     12 ^: 7160
MP:   43/44         EV: 13    Int: 26    God:    Vehumet [6* [200]]
Gold: 3565          SH:  0    Dex: 15    Spells: 5/63 levels left

rFire    + . .     Vision   .   y - +3 wizard's staff of fire
rCold    . . .     Gourm    .   (no weapon)
rNeg     . . .     Faith    .   B - +2 robe {rPois}
rPois    +         Spirit   .   (no helmet)
rElec    .         Reflect  .   (no cloak)
rCorr    .         Harm     .   (no gloves)
MR       +....     NoTele   +   l - +0 pair of boots
Stlth    ++........             (no amulet)
HPRegen  0.00/turn              q - ring of protection
MPRegen  0.54/turn              (no ring)

@: lethally poisoned (-3 -> -41), non-regenerating, badly diseased, slowed, very
slow
A: iridescent scales 1, frail 1, strong 1, wild magic 1
a: Renounce Religion


You were in the Dungeon.
You worshipped Vehumet.
Vehumet was exalted by your worship.
You were not hungry.

You visited 1 branch You collected 3565 gold pieces.

Inventory:

Armour
 l - a +0 pair of boots (worn)
 B - a +2 robe of poison resistance (worn)
Magical Staves
 u - a +3 staff of air
 x - a +1 shielded staff of fire
 y - a +3 wizard's staff of fire (weapon)
Jewellery
 j - the amulet "Xoehutwo" {Reflect rElec rF- rN+ Int+4 SH+5}
   (You found it in the Dungeon)

   [amulet of reflection]

   It shields you and reflects attacks.
   It affects your intelligence (+4).
   It makes you vulnerable to fire.
   It insulates you from electricity.
   It protects you from negative energy.
   It affects your SH (+5).
 q - a ring of protection (left hand)
 r - an uncursed ring of ice
 v - the amulet of Iluj {*Contam rElec Regen+ Int+3}
   (You found it in the Dungeon)

   [amulet of regeneration]

   It affects your intelligence (+3).
   It insulates you from electricity.
   It causes magical contamination when unequipped.
   It increases your rate of regeneration.
 w - an uncursed amulet of the acrobat
 A - a cursed ring of stealth {(Curse: *Drain)}
 C - the cursed ring "Sunyakki" {Str+4 Stlth+, (Curse: *Drain rF-)}
   (You took it off a deep elf master archer in the Dungeon)

   [ring of stealth]

   It affects your strength (+4).
   It makes you more stealthy.
   It has a curse placed upon it.
   { (Curse: *Drain rF-)}
 E - a cursed ring of intelligence {(Curse: MR-)}
 F - a cursed ring of protection from magic {(Curse: Slay-6)}
Wands
 m - a wand of scattershot (4)
 o - a wand of disintegration (7)
 p - a wand of polymorph (1)
 z - a wand of clouds (3)
Scrolls
 b - a scroll of bless item
 i - 3 scrolls of blinking
 t - 2 scrolls of fear
 D - 4 scrolls of amnesia
Potions
 d - a potion of curing
 e - a potion of heal wounds
 f - 2 potions of haste
 g - 3 potions of magic
 h - 2 potions of berserk rage
 k - 2 potions of might
 s - a potion of ambrosia
Miscellaneous
 n - a lamp of fire
Comestibles
 c - 13 rations


   Skills:
 - Level 2.4 Dodging
 - Level 2.4 Stealth
 * Level 26.3 Spellcasting
 + Level 1.0 Charms
 * Level 23.0 Fire Magic
 + Level 0.5 Air Magic
 + Level 0.6 Earth Magic


You had 5 spell levels left.
You knew the following spells:

 Your Spells              Type           Power        Failure   Level  Hunger
a - Foxfire               Fire           25 (25)      1%          1    None
b - Searing Ray           Fire           50 (50)      1%          2    None
c - Conjure Flame         Fire           100 (100)    1%          3    None
d - Sticky Flame          Fire/Pois      100 (100)    1%          4    None
e - Ignition              Fire           149 (200)    1%          8    ####...
f - Fireball              Fire           149 (200)    1%          5    None
g - Bolt of Fire          Fire           149 (200)    1%          6    None
h - Ring of Flames        Chrm/Fire      121 (200)    1%          6    None
i - Fire Storm            Fire           149 (200)    1%          9    ######.
j - Deflect Missiles      Chrm/Air       49 (200)     75%         6    None
k - Lehudib's Crystal Sp  Erth           48 (200)     100%        8    ####...

Your spell library contained the following spells:

 Spells                   Type           Power        Failure   Level  Hunger
 Animate Skeleton         Necr           N/A          1%          1    None
 Confusing Touch          Hex            44 (50)      1%          1    None
 Flame Tongue             Fire           40 (40)      1%          1    None
 Sandblast                Erth           48 (50)      1%          1    None
 Shock                    Air            25 (25)      1%          1    None
 Summon Small Mammal      Summ           25 (25)      1%          1    None
 Ignite Poison            Fire/Tmut      100 (100)    1%          3    None
 Inner Flame              Hex/Fire       100 (100)    1%          3    None
 Bolt of Magma            Fire/Erth      121 (200)    1%          5    None
 Starburst                Fire           149 (200)    1%          6    None
 Call Imp                 Summ           44 (100)     2%          2    None
 Force Lasso              Tloc/Erth      46 (200)     3%          4    None
 Fulminant Prism          Hex            44 (200)     3%          4    None
 Call Canine Familiar     Summ           44 (100)     4%          3    None
 Lee's Rapid Deconstruct  Erth           48 (200)     8%          5    None
 Bolt of Draining         Necr           44 (200)     10%         5    None
 Yara's Violent Unravell  Hex/Tmut       44 (200)     10%         5    None
 Cause Fear               Hex            44 (200)     13%         4    None
 Summon Ice Beast         Ice/Summ       44 (100)     13%         4    None
 Silence                  Hex/Air        46 (200)     30%         5    None
 Summon Lightning Spire   Summ/Air       46 (100)     30%         5    None
 Conjure Ball Lightning   Air            47 (200)     32%         6    None
 Eringya's Noxious Bog    Tmut/Pois      44 (200)     41%         6    None
 Poison Arrow             Pois           44 (200)     41%         6    None
 Dragon Form              Tmut           44 (200)     100%        7    #......
 Discord                  Hex            44 (200)     100%        8    ####...
 Dragon's Call            Summ           44 (200)     100%        9    ######.
 Shatter                  Erth           48 (200)     100%        9    ######.


Dungeon Overview and Level Annotations

Branches:
Dungeon (1/1)

Altars:
Cheibriados
Dithmenos
Elyvilon
Fedhas Madash
Gozag Ym Sagoz
Hepliaklqana
Kikubaaqudgha
Makhleb
Nemelex Xobeh
Okawaru
Qazlal
Ru
Sif Muna
Trog
Uskayaw
Vehumet
Wu Jian
Xom
Yredelemnul
Zin
The Shining One
Beogh
Jiyva
Lugonu

Shops:
D :


Innate Abilities, Weirdness & Mutations

You are partially covered in iridescent scales. (AC +2)
You are frail. (-10% HP)
You are strong. (Str +2)
Your spells are a little harder to cast, but a little more powerful.


Message History

You are more poisoned.
You feel very sick.
You are engulfed in dark miasma.
* * * LOW HITPOINT WARNING * * *
x2 You feel sick.
You feel much better.
You are engulfed in dark miasma.
You feel your flesh rotting away!
You feel ill.
You feel as though you will be slow longer.
* * * LOW HITPOINT WARNING * * *
x2 You feel sick.
* * * LOW HITPOINT WARNING * * *
You feel sick.
You feel better.
You are engulfed in dark miasma.
You are poisoned.
You feel very sick.
You are engulfed in dark miasma.
You are lethally poisoned!
You feel your flesh rotting away!
You feel ill.
* * * LOW HITPOINT WARNING * * *
You die...

†##≈≈≈≈≈≈..#[}#.).#.≈≈§§#,,≈*≈≈*,
*,#≈≈≈≈≈...#??#...#§#≈≈≈##≈**≈≈*,
,*#+≈≈≈≈≈####+#####.#,≈≈§#**≈≈≈*,
,,,#≈≈...§.,,,#.....###≈§≈§≈≈≈≈**
*,,#≈..+####**#○....#v#,≈≈≈≈≈≈≈*,
***#...#,,,,,,#§.)..#☼###§§≈≈≈≈*,
*,,,...#***,_,#§.)).#°☼.#,≈≈≈≈≈**
*+************#§#####☼§§#**≈≈***,
*,,,,,,,,,,,**#☼@○§☼§v§☼+,*,**,*,
*,,,,,,,,,,,,*#§#########****,,+,
***********,,*#§#,,,,,,,,,,,+,,**
**,,,,,,,,,,,*#§#,,,,,,,********,
*,,,,,,,,,,,**#☼#,,,,,***,∩⌠⌠∩,*,
*,,********** #.#,,,***,*,∩⌠⌠∩,*,
*,,,,,,,,,,,**#.#,***,,,*,∩∩∩∩,*,
**,,,,,,,,,,,*#.#+*,,,,,*,∩∩∩∩,*,
**********,,*#.#,,,,,,,*,,,,,,*,


You could see a friendly fire vortex.

Vanquished Creatures
  Sigmund (D)
  A deep elf master archer (D)
  2 deep elf demonologists (D)
  A deep elf annihilator (D)
  2 deep elf death magi (D)
  Erolcha (D)
  2 orc high priests (D)
  A deep elf knight (D)
  A lindwurm (D)
  2 hydras (D)
  6 deep elf magi (D)
  An orc knight (D)
  2 orc sorcerers (D)
  Edmund (D)
  A tyrant leech (D)
  A queen bee (D)
  3 wandering mushrooms (D)
  A large abomination (D)
  A shadow (D)
  5 redbacks (D)
  A spatial vortex (D)
  2 hydra simulacra (D)
  A necrophage (D)
  A floating eye (D)
  A small abomination (D)
  2 orc warriors (D)
  5 two-headed ogres (D)
  A water elemental (D)
  32 killer bees (D)
  A polar bear simulacrum (D)
  An electric eel (D)
  A jelly (D)
  6 orc priests (D)
  An orc wizard (D)
  A wizard (D)
  Jessica (D)
  A necromancer (D)
  3 humans (D)
  A kobold demonologist (D)
  A wolf (D)
  A wolf simulacrum (D)
  An ooze (D)
  8 orcs (D)
  2 rats (D)
  12 plants (D)
124 creatures vanquished.

Vanquished Creatures (others)
  2 draconian scorchers (D)
  6 hellions (D)
  A yaktaur (D)
  14 foxfires (D)
  2 giant blowflies (D)
25 creatures vanquished.

Grand Total: 149 creatures vanquished

Notes
Turn   | Place    | Note
-------+----------+-------------------------------------------
     0 | D        | lorenzova the Deep Elf Fire Elementalist began the quest
                  | for the Orb.
     0 | D        | Reached XP level 1. HP: 10/10 MP: 6/6
    16 | D        | Reached skill level 4 in Spellcasting
    65 | D        | Noticed Jessica
    73 | D        | Killed a hellion
    75 | D        | Killed Jessica
    75 | D        | Reached skill level 6 in Spellcasting
    75 | D        | Reached skill level 5 in Fire Magic
    75 | D        | Reached XP level 2. HP: 15/15 MP: 7/11
    75 | D        | Reached XP level 3. HP: 19/19 MP: 7/12
   102 | D        | Killed a hellion
   103 | D        | Learned a level 2 spell: Searing Ray
   107 | D        | Learned a level 3 spell: Conjure Flame
   132 | D        | Killed a yaktaur
   137 | D        | Reached skill level 7 in Spellcasting
   137 | D        | Killed a hellion
   155 | D        | Killed a hellion
   209 | D        | Killed a hellion
   210 | D        | Killed a hellion
   253 | D        | Gained mutation: Armour fits poorly on your strangely
                  | shaped body. [potion of mutation]
   253 | D        | Gained mutation: You are cold resistant. (rC+) [potion of
                  | mutation]
   254 | D        | Lost mutation: Armour fits poorly on your strangely shaped
                  | body. [potion of mutation]
   254 | D        | Gained mutation: Your poor vision makes scrolls take longer
                  | to read and aiming more difficult. [potion of mutation]
   254 | D        | Gained mutation: You are partially covered in yellow
                  | scales. (AC +2) [potion of mutation]
   255 | D        | Lost mutation: Your poor vision makes scrolls take longer
                  | to read and aiming more difficult. [potion of mutation]
   255 | D        | Lost mutation: You are cold resistant. (rC+) [potion of
                  | mutation]
   255 | D        | Gained mutation: You are somewhat resistant to further
                  | mutation. [potion of mutation]
   255 | D        | Gained mutation: Armour fits poorly on your strangely
                  | shaped body. [potion of mutation]
   256 | D        | Lost mutation: Armour fits poorly on your strangely shaped
                  | body. [potion of mutation]
   256 | D        | Lost mutation: You are somewhat resistant to further
                  | mutation. [potion of mutation]
   256 | D        | Lost mutation: You are partially covered in yellow scales.
                  | (AC +2) [potion of mutation]
   256 | D        | Gained mutation: Your mind is acute. (Int +2) [potion of
                  | mutation]
   256 | D        | Gained mutation: You are surrounded by a mild repulsion
                  | field. (EV +2) [potion of mutation]
   256 | D        | Lost mutation: Your mind is acute. (Int +2) [potion of
                  | mutation]
   256 | D        | Gained mutation: You are cold resistant. (rC+) [potion of
                  | mutation]
   257 | D        | Lost mutation: You are surrounded by a mild repulsion
                  | field. (EV +2) [potion of mutation]
   257 | D        | Gained mutation: You have large cloven feet. [potion of
                  | mutation]
   257 | D        | Gained mutation: You are agile. (Dex +2) [potion of
                  | mutation]
   258 | D        | Lost mutation: You are agile. (Dex +2) [potion of mutation]
   258 | D        | Lost mutation: You have large cloven feet. [potion of
                  | mutation]
   258 | D        | Lost mutation: You are cold resistant. (rC+) [potion of
                  | mutation]
   258 | D        | Gained mutation: You are strong. (Str +2) [potion of
                  | mutation]
   258 | D        | Gained mutation: You are partially covered in iridescent
                  | scales. (AC +2) [potion of mutation]
   258 | D        | Gained mutation: You are frail. (-10% HP) [potion of
                  | mutation]
   258 | D        | Gained mutation: Your spells are a little harder to cast,
                  | but a little more powerful. [potion of mutation]
   263 | D        | Noticed a water elemental
   265 | D        | Killed a water elemental
   265 | D        | Reached skill level 9 in Spellcasting
   265 | D        | Reached XP level 4. HP: 21/21 MP: 10/17
   296 | D        | Learned a level 4 spell: Sticky Flame
   300 | D        | Found a radiant altar of Vehumet.
   300 | D        | Found a shimmering blue altar of Sif Muna.
   300 | D        | Found an ancient bone altar of Kikubaaqudgha.
   304 | D        | Noticed a chaos spawn
   306 | D        | Reached XP level 5. HP: 25/25 MP: 10/19
   310 | D        | Reached skill level 10 in Spellcasting
   346 | D        | Killed a white draconian scorcher
   348 | D        | Killed a white draconian scorcher
   363 | D        | Became a worshipper of Vehumet
   371 | D        | Learned a level 5 spell: Fireball
   378 | D        | Found a glowing silver altar of Zin.
   378 | D        | Found a glowing golden altar of the Shining One.
   378 | D        | Found a white marble altar of Elyvilon.
   378 | D        | Noticed a deep elf mage
   382 | D        | Killed a deep elf mage
   382 | D        | Reached skill level 14 in Spellcasting
   382 | D        | Reached XP level 6. HP: 28/28 MP: 1/25
   382 | D        | Reached XP level 7. HP: 32/32 MP: 1/26
   453 | D        | Found a hide-covered altar of Uskayaw.
   453 | D        | Found a roughly hewn altar of Beogh.
   453 | D        | Found an iron altar of Okawaru.
   453 | D        | Found a bloodstained altar of Trog.
   453 | D        | Found an ornate altar of the Wu Jian Council.
   453 | D        | Noticed a human
   456 | D        | Killed a human
   456 | D        | Reached * piety under Vehumet
   456 | D        | Offered knowledge of Sandblast by Vehumet.
   456 | D        | Reached skill level 15 in Spellcasting
   512 | D        | Found a basalt altar of Yredelemnul.
   512 | D        | Found a shadowy altar of Dithmenos.
   512 | D        | Found a sacrificial altar of Ru.
   514 | D        | Reached XP level 8. HP: 36/36 MP: 21/29
   651 | D        | Offered knowledge of Shock by Vehumet.
   651 | D        | Reached ** piety under Vehumet
   699 | D        | Found a blossoming altar of Fedhas.
   699 | D        | Found a stormy altar of Qazlal.
   699 | D        | Found a snail-covered altar of Cheibriados.
   699 | D        | Found a burning altar of Makhleb.
   699 | D        | Found a shimmering altar of Xom.
   700 | D        | Found a hazy altar of Hepliaklqana.
   700 | D        | Found an opulent altar of Gozag.
   700 | D        | Found a sparkling altar of Nemelex Xobeh.
   700 | D        | Found a corrupted altar of Lugonu.
   700 | D        | Found a viscous altar of Jiyva.
   704 | D        | Reached skill level 16 in Spellcasting
   769 | D        | Offered knowledge of Ignite Poison by Vehumet.
   770 | D        | Reached *** piety under Vehumet
   827 | D        | Noticed a two-headed ogre
   832 | D        | Killed a two-headed ogre
   832 | D        | Offered knowledge of Force Lasso by Vehumet.
   832 | D        | Reached skill level 17 in Spellcasting
   837 | D        | Noticed Erolcha
   839 | D        | Killed Erolcha
   839 | D        | Reached skill level 18 in Spellcasting
   839 | D        | Reached skill level 15 in Fire Magic
   839 | D        | Reached XP level 9. HP: 40/40 MP: 7/33
   843 | D        | Noticed a two-headed ogre
   863 | D        | Killed a two-headed ogre
   863 | D        | Reached **** piety under Vehumet
   960 | D        | Offered knowledge of Lee's Rapid Deconstruction by Vehumet.
  1101 | D        | Noticed an eight-headed hydra
  1101 | D        | Noticed a four-headed hydra
  1103 | D        | Reached skill level 19 in Spellcasting
  1103 | D        | Reached ***** piety under Vehumet
  1103 | D        | Offered knowledge of Eringya's Noxious Bog by Vehumet.
  1105 | D        | Killed an eight-headed hydra
  1107 | D        | Killed a four-headed hydra
  1107 | D        | Reached skill level 20 in Spellcasting
  1107 | D        | Reached XP level 10. HP: 45/45 MP: 22/36
  1108 | D        | Offered knowledge of Fulminant Prism by Vehumet.
  1406 | D        | Noticed a lindwurm
  1408 | D        | Killed a lindwurm
  1408 | D        | Reached ****** piety under Vehumet
  1414 | D        | Offered knowledge of Bolt of Magma by Vehumet.
  1414 | D        | Reached skill level 21 in Spellcasting
  1516 | D        | Found Hublu's Book Boutique.
  1516 | D        | Noticed an orc sorcerer
  1518 | D        | Noticed an orc sorcerer
  1520 | D        | Killed an orc sorcerer
  1521 | D        | Killed an orc sorcerer
  1523 | D        | Offered knowledge of Bolt of Draining by Vehumet.
  1523 | D        | Noticed an orc high priest
  1524 | D        | Killed an orc high priest
  1524 | D        | Reached skill level 22 in Spellcasting
  1524 | D        | Noticed an orc knight
  1526 | D        | Killed an orc knight
  1526 | D        | Reached XP level 11. HP: 29/48 MP: 13/39
  1531 | D        | Received a gift from Vehumet
  1640 | D        | Noticed a deep elf knight
  1653 | D        | Killed a deep elf knight
  1657 | D        | Reached skill level 23 in Spellcasting
  1719 | D        | Noticed a deep elf master archer
  1719 | D        | Noticed a deep elf demonologist
  1719 | D        | Noticed a deep elf death mage
  1720 | D        | Noticed a deep elf death mage
  1723 | D        | Killed a deep elf master archer
  1723 | D        | Identified the cursed ring "Sunyakki" {Str+4 Stlth+,
                  | (Curse: *Drain rF-)} (You took it off a deep elf master
                  | archer in the Dungeon)
  1727 | D        | Killed a deep elf demonologist
  1729 | D        | Killed a deep elf death mage
  1729 | D        | Reached skill level 24 in Spellcasting
  1734 | D        | Offered knowledge of Starburst by Vehumet.
  1784 | D        | Killed a deep elf death mage
  1788 | D        | Noticed a deep elf annihilator
  1789 | D        | Killed a deep elf annihilator
  1790 | D        | Noticed a deep elf demonologist
  1792 | D        | Killed a deep elf demonologist
  1792 | D        | Reached XP level 12. HP: 43/53 MP: 22/42
  1838 | D        | Reached skill level 25 in Spellcasting
  2234 | D        | Identified the amulet of Iluj {*Contam rElec Regen+ Int+3}
                  | (You found it in the Dungeon)
  2234 | D        | Identified the amulet "Xoehutwo" {Reflect rElec rF- rN+
                  | Int+4 SH+5} (You found it in the Dungeon)
  2303 | D        | Learned a level 6 spell: Bolt of Fire
  2312 | D        | Learned a level 8 spell: Ignition
  2319 | D        | Learned a level 6 spell: Ring of Flames
  2441 | D        | Offered knowledge of Conjure Ball Lightning by Vehumet.
  2441 | D        | Offered knowledge of Poison Arrow by Vehumet.
  2441 | D        | Identified the +7 staff of Tizawn {flay, earth; rC+ AC+5
                  | Str+3} (Vehumet gifted it to you in the Dungeon)
  2441 | D        | Received a gift from Vehumet
  2485 | D        | Noticed Sigmund
  2485 | D        | Noticed Edmund
  2488 | D        | Killed Edmund
  2488 | D        | Offered knowledge of Lehudib's Crystal Spear by Vehumet.
  2488 | D        | Offered knowledge of Fire Storm by Vehumet.
  2488 | D        | Offered knowledge of Shatter by Vehumet.
  2488 | D        | Killed Sigmund
  2488 | D        | Reached skill level 26 in Spellcasting
  2634 | D        | Learned a level 9 spell: Fire Storm
  2641 | D        | Learned a level 6 spell: Deflect Missiles
  2650 | D        | Learned a level 8 spell: Lehudib's Crystal Spear
  2726 | D        | Reached skill level 1 in Charms
  2733 | D        | HP: 1/52 [something (15)]
  2733 | D        | Succumbed to poison (dark miasma)

Levels and vault maps discovered:
D:        dungeon_sprint_mu [sprint_mu_entry_cave, sprint_mu_temple_rooms,
          sprint_mu_d1_spiders, sprint_mu_d2_genie, sprint_mu_d3_branching,
          sprint_mu_orc_legion, sprint_mu_elf_gauntlet, sprint_mu_hive_nellie,
          sprint_mu_lair_fedhas, sprint_mu_vaults_butterflies,
          sprint_mu_slime_circle, sprint_mu_shoals_kraken,
          sprint_mu_snake_twists, sprint_mu_blade_basic,
          sprint_mu_crypt_chambers, sprint_mu_tomb_spiral,
          sprint_mu_vestibule_basic, sprint_mu_gehenna_hellfire,
          sprint_mu_dis_giant, sprint_mu_tartarus_statrot,
          sprint_mu_cocytus_islands, sprint_mu_zot1]

Skill      XL: |  1  2  3  4  5  6  7  8  9 10 11 12 |
---------------+-------------------------------------+-----
Spellcasting   | 6 9 14 15 18 20 22 24 26 | 26.3
Fire Magic     | 5 8 12 13 15 17 19 21 23 | 23.0
Charms         | 1 |  1.0
Dodging        | |  2.4
Stealth        | |  2.4
Air Magic      | |  0.5
Earth Magic    | |  0.6

Action                   |  1- 3 |  4- 6 |  7- 9 | 10-12 || total
-------------------------+-------+-------+-------+-------++-------
 Cast: Foxfire           |     8 |       |       |       ||     8
       Searing Ray       |     4 |     3 |       |       ||     7
       Conjure Flame     |     3 |     2 |    10 |     3 ||    18
       Fireball          |       |     2 |    30 |    47 ||    79
       Ignition          |       |       |       |     5 ||     5
       Ring of Flames    |       |       |       |     3 ||     3
       Fire Storm        |       |       |       |     1 ||     1
  Use: Potion            |     6 |     1 |       |     2 ||     9
       Scroll            |       |       |       |     1 ||     1
  Eat: Chunk             |       |       |     1 |     3 ||     4
       Ration            |       |       |       |     1 ||     1
Armor: Robe              |     1 |       |       |     1 ||     2
Dodge: Dodged            |     1 |       |     1 |     2 ||     4
